 Dungeon Crawl Stone Soup version 0.29-a0-284-gf9362112df (webtiles) character file.

Game seed: 8687792602531253078

2 YayAnonymity the Bolt Thrower (level 1, -3/18 HPs)
             Began as a Minotaur Hunter on Mar 23, 2022.
             Slain by a gnoll
             ... wielding a +0 flail of pain
              (7 damage)
             ... on level 1 of the Dungeon.
             The game lasted 00:00:41 (77 turns).

YayAnonymity the Bolt Thrower (Minotaur Hunter)       Turns: 77, Time: 00:00:41

Health: -3/18      AC:  3    Str: 15    XL:     1   Next: 33%
Magic:  0/0        EV: 12    Int:  6    God:
Gold:   8          SH:  0    Dex: 13    Spells: 0/0 levels left

rFire   . . .      SeeInvis .   b - +0 dagger
rCold   . . .      Faith    .   (no shield)
rNeg    . . .      Spirit   .   e - +0 leather armour
rPois   .          Reflect  .   (helmet restricted)
rElec   .          Harm     .   (no cloak)
rCorr   .          Rampage  .   (no gloves)
Will    .....                   (no boots)
Stlth   +.........              (no amulet)
HPRegen 0.06/turn               (no ring)
MPRegen 0.07/turn               (no ring)

@: no status effects
A: horns 2, retaliatory headbutt
a: no special abilities


You were on level 1 of the Dungeon.
You visited 1 branch of the dungeon, and saw 1 of its levels.

You collected 8 gold pieces.

Inventory:

Hand Weapons
 a - a +1 hand crossbow
 b - a +0 dagger (weapon)
Armour
 e - a +0 leather armour (worn)
Scrolls
 c - a scroll of immolation
 f - a scroll of identify {unknown}
Potions
 d - a potion of attraction {unknown}
 g - a potion of flight {unknown}


   Skills:
 - Level 2.4 Fighting
 * Level 4.5 Crossbows
 + Level 2.2 Dodging
 - Level 0.7 Stealth


You couldn't memorise any spells.
You didn't know any spells.
Your spell library was empty.

Dungeon Overview and Level Annotations

Branches:
Dungeon (1/15)

Altars:


Innate Abilities, Weirdness & Mutations

You have a pair of horns on your head.
You reflexively headbutt those who attack you in melee.


Message History

Adjust (i)tems, (s)pells, or (a)bilities?
e - a +0 dagger (weapon)
Adjust to which letter? (? for menu, Esc to quit)
b - a +0 dagger (weapon);
e - a +0 leather armour (worn)
a - a +1 hand crossbow (weapon)
f - a scroll labelled QOFIOG FUCZI A hobgoblin comes into view.
Found a stone staircase leading down.
You shoot a bolt. The bolt hits the hobgoblin.
You kill the hobgoblin!
An endoplasm comes into view.
Found a green potion and a whip.
b - a +0 dagger (weapon)
Found 8 gold pieces.
The endoplasm quivers.
The endoplasm completely misses you.
You hit the endoplasm. You headbutt the endoplasm.
You kill the endoplasm!
Found a leather armour.
g - a green potion You now have 8 gold pieces.
A gnoll comes into view. It is wielding a +0 flail of pain.
a - a +1 hand crossbow (weapon)
You shoot a bolt.
The bolt hits the gnoll but does no damage.
The gnoll shouts!
You shoot a bolt. The bolt hits the gnoll.
The gnoll is moderately wounded.
b - a +0 dagger (weapon)
You closely miss the gnoll. You headbutt the gnoll.
The gnoll is severely wounded.
The gnoll hits you with a +0 flail of pain!
You closely miss the gnoll.
The gnoll is severely wounded.
The gnoll hits you with a +0 flail of pain.
* * * LOW HITPOINT WARNING * * *
You hit the gnoll but do no damage.
The gnoll is severely wounded.
The gnoll hits you with a +0 flail of pain!
You die...

.#.#.#.# #[...#..>.....
...#.'.###...#....#####
.#.#.#.#..............
.#.#.#.#.......).#.###
##.#.#.#.........#.#
...#.#...........# #
####.#.###....##.#
.....#.# ####.##.#
######.# ..##@#
#####.g....# ..###..#
##.# # #.# #.# ... #..


You could see a gnoll.

Vanquished Creatures
  An endoplasm (D:1)
  A hobgoblin (D:1)
2 creatures vanquished.

Notes
Turn   | Place    | Note
-------+----------+-------------------------------------------
     0 | D:1      | YayAnonymity the Minotaur Hunter began the quest for the
                  | Orb.
     0 | D:1      | Reached XP level 1. HP: 18/18 MP: 0/0
    77 | D:1      | Slain by a gnoll

Illustrated notes

Levels and vault maps discovered:
D:1:      matt_arrival_refuge, layout_loops_ring, serial_shops, shop

Action                   || total
-------------------------++-------
Melee: Dagger            ||     4
       Headbutt          ||     2
 Fire: Hand crossbow     ||     3
Dodge: Dodged            ||     1

Table legend: (Time is in decaauts)
 A = Elapsed time spent in this place.
 B = Non-inter-level travel time spent in this place.
 C = Inter-level travel time spent in this place.
 D = Time resting spent in this place.
 E = Time spent auto-exploring this place.
 F = Levels seen in this place.
 G = Mean time per level.
                   A        B        C        D        E       F      G
               +--------+--------+--------+--------+--------+-----+--------+
         Total |     74 |     74 |      0 |      0 |     50 |   1 |   74.0 |
       Dungeon |     74 |     74 |      0 |      0 |     50 |   1 |   74.0 |
               +--------+--------+--------+--------+--------+-----+--------+

Top non-repeatable levels by time:
     D:1: 74 daAuts
